[Event "*** SCC Grand Prix: Titled Tuesday Blitz"]
[Site "Chess.com"]
[Date "2020.10.13"]
[Round "9"]
[White "Ariadna_Atreides"]
[Black "KarstenHansch"]
[Result "0-1"]
[WhiteElo "2049"]
[BlackElo "2444"]
[TimeControl "180+1"]
[EndTime "11:43:42 PDT"]
[Termination "KarstenHansch won on time"]

1. d4 Nf6 2. Nf3 g6 3. c4 Bg7 4. Nc3 O-O 5. e4 d6 6. Be2 e5 7. d5 a5 8. Bg5 h6 9. Bh4 Qe8 10. Nd2 Nfd7 11. O-O f5 12. exf5 gxf5 13. Bh5 Rf7 14.
a3 Nf6 15. Bxf7+ Qxf7 16. f3 Nbd7 17. Qc2 Qh5 18. Bg3 Nf8 19. b4 Ng6 20. c5 Qg5 21.
cxd6 cxd6 22. Nb5 Nh5 23. Nxd6 Nxg3 24. hxg3 Bd7 25. Rfe1 e4 26. Rac1 Qxg3 27. N6xe4 fxe4 28. Nxe4 Qh4 29. Red1 Be5 30. g3 Bxg3 31. Nxg3 Qxg3+ 32. Qg2 Qxg2+ 33. Kxg2 axb4 34. axb4 Rc8 35. Rxc8+ Bxc8 36.
d6 Bd7 37. Ra1 Kf7 38. Ra7 Bc6 39. d7 Ke7 40. Rxb7 Bxb7 41. Kg3 Kxd7 42. Kg4 Ne5+ 43. Kh5 Nf7 44. Kg6 Bxf3 0-1

[Event "*** SCC Grand Prix: Titled Tuesday Blitz"]
[Site "Chess.com"]
[Date "2020.10.13"]
[Round "9"]
[White "elcandado"]
[Black "chessfrendz"]
[Result "1-0"]
[WhiteElo "2557"]
[BlackElo "2384"]
[TimeControl "180+1"]
[EndTime "11:43:44 PDT"]
[Termination "elcandado won by resignation"]

1. d4 d5 2. Bf4 Nf6 3. e3 e6 4. Nd2 Bd6 5. Bg3 O-O 6. Bd3 c5 7. c3 Nc6 8. Ngf3 Bxg3 9. hxg3 Qc7 10. Ne5 Nxe5 11. Bxh7+ Nxh7 12. Qh5 Nd3+ 13. Ke2 f6 14.
Qxh7+ Kf7 15. Qxd3 Bd7 16. f3 Rh8 17. Kf2 a6 18.
Rh7 Rxh7 19. Qxh7 cxd4 20. exd4 Qb6 21. Qc2 Rh8 22. Qb3 Qc7 23. Qb4 a5 24. Qa3 b6 25.
Re1 Bb5 26. Qb3 Bd3 27. Qd1 Rh2 28. Rh1 Rxh1 29. Qxh1 Qd7 30. Qd1 Qb5 31. b3 Bg6 32. Qe2 Qc6 33. c4 a4 34. Qe3 a3 35. Qc3 dxc4 36.
Nxc4 b5 37. Ne5+ fxe5 38. Qxc6 exd4 39. Qxb5 Bb1 40. Qa5 Bxa2 41. Qxa3 Bb1 42. Qd6 e5 43.
Qxe5 Bc2 44. Qxd4 Bxb3 45. Qd7+ Kf6 46. f4 Be6 47. Qd6 1-0

[Event "*** SCC Grand Prix: Titled Tuesday Blitz"]
[Site "Chess.com"]
[Date "2020.10.13"]
[Round "9"]
[White "FMalexhdez"]
[Black "Ural_bogatyr"]
[Result "1-0"]
[WhiteElo "2277"]
[BlackElo "2384"]
[TimeControl "180+1"]
[EndTime "11:43:45 PDT"]
[Termination "FMalexhdez won by resignation"]

1. e4 e5 2. Nf3 Nc6 3. Bc4 Nf6 4.
d3 h6 5. c3 d6 6. Nbd2 g5 7.
Nf1 Bg7 8. Ng3 Be6 9. Bb3 O-O 10. Nf5 Bxf5 11. exf5 Qd7 12. Bd2 Qxf5 13. Qe2 e4 14. dxe4 Qxe4 15. Be3 g4 16. Nh4 Ne5 17. O-O Qd3 18.
Qe1 Rae8 19. Rd1 Qb5 20. Qd2 h5 21. Bh6 Ng6 22. Nxg6 Ne4 23. Qc1 Be5 24. Bxf8 Rxf8 25.
Nxf8 Kxf8 26. Qh6+ Ke7 27. Rd5 Qe2 28. Rxe5+ dxe5 29. Qe3 Qxe3 30. fxe3 f6 31. Rf5 h4 32. Rh5 1-0

[Event "*** SCC Grand Prix: Titled Tuesday Blitz"]
[Site "Chess.com"]
[Date "2020.10.13"]
[Round "9"]
[White "davigator"]
[Black "Roza_Idrisova"]
[Result "1-0"]
[WhiteElo "2336"]
[BlackElo "2175"]
[TimeControl "180+1"]
[EndTime "11:43:46 PDT"]
[Termination "davigator won by resignation"]

1. e4 c6 2. d4 d5 3. e5 c5 4. Nf3 Nc6 5. Bb5 cxd4 6. Qxd4 e6 7. c4 Ne7 8. Nc3 a6 9. Bxc6+ bxc6 10. O-O Nf5 11. Qf4 Be7 12. Rd1 O-O 13. g4 Nh6 14.
Ne4 f5 15. exf6 Bxf6 16. Nxf6+ Qxf6 17. Qxf6 Rxf6 18. Ne5 Nf7 19. Nxc6 dxc4 20. g5 Rf3 21. Be3 Bb7 22. Na5 Bd5 23. Rac1 Rc8 24. b3 c3 25.
Nc4 Rf5 26. h4 h5 27. Rxc3 Bxc4 28. bxc4 Ne5 29. c5 Nf3+ 30. Kf1 Nxh4 31. Rd6 Nf3 32. c6 Rd5 33. Bf4 e5 34. Rxd5 exf4 35. c7 Kh7 36.
Rd8 1-0

[Event "*** SCC Grand Prix: Titled Tuesday Blitz"]
[Site "Chess.com"]
[Date "2020.10.13"]
[Round "9"]
[White "wonderfultime"]
[Black "Meri-Arabidze"]
[Result "1-0"]
[WhiteElo "2912"]
[BlackElo "2689"]
[TimeControl "180+1"]
[EndTime "11:43:48 PDT"]
[Termination "wonderfultime won by resignation"]

1. d4 d5 2. c4 e6 3. Nc3 Nf6 4. cxd5 exd5 5. Bg5 Nbd7 6. e3 Be7 7. Bd3 c6 8. Qc2 O-O 9. Nge2 Re8 10. O-O Nf8 11. f3 h6 12. Bh4 Ne6 13. Rae1 b5 14. Bf2 Bd7 15. e4 dxe4 16. Nxe4 Rc8 17. Rd1 Nd5 18.
a3 a6 19. Rfe1 Nef4 20. Nxf4 Nxf4 21. Bf1 Be6 22. Qd2 Bg5 23. Be3 Nd5 24. Bxg5 hxg5 25. Qxg5 Qxg5 26. Nxg5 Bf5 27. Ne4 Bxe4 28. fxe4 Nf6 29.
e5 Nd5 30. Bd3 c5 31. Be4 Nf4 32. d5 g6 33. g3 Nh3+ 34. Kg2 Ng5 35. Bf3 Nxf3 36.
Kxf3 c4 37. d6 Red8 38. Ke4 c3 39. bxc3 Rxc3 40. Rd3 Rc4+ 41. Rd4 Rc3 42. Re3 Rc2 43. h4 Kg7 44. Kd5 a5 45. Rf3 Rd7 46. e6 fxe6+ 47. Kxe6 Rd8 48. Ke7 Rcc8 49. d7 Rb8 50. Rf7+ Kh6 51. g4 Rh8 52. d8=Q Rbxd8 53. Rxd8 1-0

[Event "*** SCC Grand Prix: Titled Tuesday Blitz"]
[Site "Chess.com"]
[Date "2020.10.13"]
[Round "9"]
[White "tk22h"]
[Black "Ramu_K_FM_FT"]
[Result "1-0"]
[WhiteElo "2316"]
[BlackElo "2113"]
[TimeControl "180+1"]
[EndTime "11:43:48 PDT"]
[Termination "tk22h won by resignation"]

1. d4 Nf6 2. c4 g6 3. Nc3 Bg7 4. e4 d6 5. f3 O-O 6. Be3 e5 7.
Nge2 Nc6 8. d5 Ne7 9. Qd2 Nd7 10. g4 f5 11. gxf5 gxf5 12. O-O-O Nf6 13. Kb1 fxe4 14. fxe4 Ng4 15. Nc1 Nxe3 16. Qxe3 Ng6 17. Nd3 a6 18. Bh3 Qh4 19. Bxc8 Raxc8 20. Rdg1 Bh6 21. Qe2 Kh8 22. Rg4 Qh5 23. Rhg1 Rf7 24. c5 Rcf8 25. cxd6 cxd6 26. a3 Qh3 27. Ka2 Rf3 28. R1g3 Qf1 29. Qxf1 Rxf1 30. Rh3 Kg7 31. Ne2 R8f3 32. Rgg3 Rxg3 33. Nxg3 Rf6 34.
Nh5+ 1-0

[Event "*** SCC Grand Prix: Titled Tuesday Blitz"]
[Site "Chess.com"]
[Date "2020.10.13"]
[Round "9"]
[White "Kaslask"]
[Black "Piotrek1979"]
[Result "1-0"]
[WhiteElo "2279"]
[BlackElo "2397"]
[TimeControl "180+1"]
[EndTime "11:43:49 PDT"]
[Termination "Kaslask won by resignation"]

1. d4 Nc6 2. Nf3 d6 3. g3 Nf6 4. Bg2 Bf5 5. d5 Nb8 6. c4 a5 7. Nc3 Na6 8. O-O g6 9. Nd4 Bd7 10. e4 Bg7 11. f4 O-O 12. h3 Nc5 13. Kh2 e5 14. fxe5 dxe5 15. Nb3 Nxb3 16. Qxb3 b6 17. Bg5 h6 18. Be3 Ne8 19. Nb5 a4 20. Qc2 Nd6 21.
Nxd6 cxd6 22. Qd2 h5 23. Qb4 f5 24. Qxd6 f4 25. Bf2 Rf6 26. Qxe5 fxg3+ 27. Qxg3 Rxf2 28.
Rxf2 Qe8 29. Kh1 Be5 30. Qg5 a3 31. Rg1 axb2 32. Bf3 Ra3 33. Qxh5 Kg7 34. Rfg2 b1=Q 35. Rxg6+ Kf8 36. Rg8+ Ke7 37. Qxe5+ Kd8 38. Rxe8+ Bxe8 39. Qd6+ Bd7 40. Rxb1 Rxf3 41. Rxb6 1-0

[Event "*** SCC Grand Prix: Titled Tuesday Blitz"]
[Site "Chess.com"]
[Date "2020.10.13"]
[Round "9"]
[White "tdf98pantani"]
[Black "GigaQuparadze"]
[Result "0-1"]
[WhiteElo "2721"]
[BlackElo "2951"]
[TimeControl "180+1"]
[EndTime "11:43:50 PDT"]
[Termination "GigaQuparadze won by resignation"]

1. e4 c5 2. Nf3 e6 3. d4 cxd4 4. Nxd4 a6 5. Bd3 g6 6. O-O Bg7 7. Nb3 Nc6 8. c4 Nge7 9. Nc3 O-O 10. Bg5 h6 11. Be3 d5 12. exd5 exd5 13. cxd5 Nxd5 14. Nxd5 Qxd5 15. Qe2 Ne5 16. Rad1 Nxd3 17. Rxd3 Qb5 18.
Qd2 h5 19. Rc1 Bf5 20. Rd5 Qa4 21. Nd4 Be4 22. Ra5 Qd7 23. f3 Bd5 24. Nf5 Qxf5 25. Rxd5 Qe6 26. b3 Rfe8 27. Bf2 Bh6 28. Qxh6 Qxd5 29.
h4 Rac8 30. Rxc8 Rxc8 31. Qf4 Rd8 32. Qh6 Qe5 33. Qc1 Qe2 34. Qc5 Qd1+ 35. Kh2 Qd6+ 0-1

[Event "*** SCC Grand Prix: Titled Tuesday Blitz"]
[Site "Chess.com"]
[Date "2020.10.13"]
[Round "9"]
[White "Evachess2006"]
[Black "Kapibara_Warri0r"]
[Result "0-1"]
[WhiteElo "1615"]
[BlackElo "2079"]
[TimeControl "180+1"]
[EndTime "11:43:50 PDT"]
[Termination "Kapibara_Warri0r won by resignation"]

1. e4 e5 2. Nf3 Nc6 3. Bc4 Nf6 4. d3 Be7 5. c3 O-O 6. Nbd2 d5 7. Bb3 Bg4 8. h3 Bh5 9. g4 dxe4 10. dxe4 Bg6 11. Qe2 Nd7 12. h4 h6 13. h5 Bh7 14. Nc4 Nc5 15.
Ncxe5 Nxe5 16. Nxe5 Bxe4 17. f3 Bd3 18. Qe3 Ba6 19.
Ng6 Bg5 20. f4 Re8 21. Ne5 Nd3+ 22. Kf1 Nxe5+ 23. Kg2 Nxg4 24. Qg3 Re2+ 25. Kh3 Nf2+ 26. Kh2 Ne4+ 27. Kg1 Nxg3 0-1

[Event "*** SCC Grand Prix: Titled Tuesday Blitz"]
[Site "Chess.com"]
[Date "2020.10.13"]
[Round "9"]
[White "mr_gustavo"]
[Black "FMJoseHerrera"]
[Result "1-0"]
[WhiteElo "2440"]
[BlackElo "2557"]
[TimeControl "180+1"]
[EndTime "11:43:54 PDT"]
[Termination "mr_gustavo won by checkmate"]

1. e4 c5 2. Nf3 e6 3. d4 cxd4 4. Nxd4 a6 5. c4 Qc7 6. Bd3 b6 7. O-O Bb7 8. Nc3 d6 9. a4 Nd7 10. a5 Ngf6 11. Qe2 Be7 12. axb6 Nxb6 13. Nb3 Rc8 14. Na5 Ba8 15. Be3 Nbd7 16. b4 O-O 17. Rfc1 Ne5 18. f3 Rfd8 19. Rab1 Qb8 20. b5 Nxd3 21.
Qxd3 d5 22. bxa6 Qe5 23. Bd4 Qg5 24. cxd5 exd5 25. e5 Nh5 26. Ne2 Nf4 27. Nxf4 Qxf4 28. Rxc8 Rxc8 29. Qe3 Qf5 30. Rc1 Rd8 31. a7 Bg5 32. f4 Bxf4 33. Qf2 Qg5 34. Rf1 Bxh2+ 35.
Kxh2 Qg6 36. Qf5 Qh6+ 37. Kg1 Rf8 38. e6 Qd2 39. Qxf7+ Rxf7 40. exf7+ Kf8 41. Bc5# 1-0

[Event "*** SCC Grand Prix: Titled Tuesday Blitz"]
[Site "Chess.com"]
[Date "2020.10.13"]
[Round "9"]
[White "blitzking1729"]
[Black "wannabe2700"]
[Result "1-0"]
[WhiteElo "2563"]
[BlackElo "2696"]
[TimeControl "180+1"]
[EndTime "11:43:55 PDT"]
[Termination "blitzking1729 won by resignation"]

1. d4 f5 2. Bg5 h6 3. Bh4 g5 4. Bg3 Bg7 5. e3 c5 6. c3 Qb6 7. Qc2 d5 8. h4 f4 9. dxc5 Qe6 10. Bh2 fxe3 11. fxe3 Qxe3+ 12. Be2 Nf6 13. Na3 O-O 14. Nf3 Nc6 15. hxg5 hxg5 16. Bg1 Qe4 17. Qxe4 Nxe4 18. O-O-O e6 19. Bd3 g4 20. Nd2 Nxd2 21. Rxd2 Bd7 22.
Be3 Ne5 23. Bh7+ Kf7 24. Bg5 Bf6 25. Rf2 Ke7 26. Rxf6 Rxf6 27. Bg6 Nxg6 28. Rh7+ Kd8 29. Bxf6+ Kc7 30. Nb5+ Kc6 31. Nd4+ Kc7 32. Nxe6+ Kc6 33. Nd4+ Kc7 34. Rg7 Nf8 35. Be7 Re8 36. Bxf8 Rxf8 37. Ne6+ Kc6 38. Nxf8 Bf5 39. b4 b6 40. Rg5 Bd3 41. Kd2 1-0

[Event "*** SCC Grand Prix: Titled Tuesday Blitz"]
[Site "Chess.com"]
[Date "2020.10.13"]
[Round "9"]
[White "TigrVShlyape"]
[Black "SergeyKarjakin"]
[Result "1-0"]
[WhiteElo "2873"]
[BlackElo "2906"]
[TimeControl "180+1"]
[EndTime "11:43:57 PDT"]
[Termination "TigrVShlyape won by resignation"]

1. d4 Nf6 2. Nf3 d5 3. Bf4 c5 4. e3 e6 5. c3 Qb6 6. Qb3 Be7 7. h3 O-O 8. Nbd2 Nc6 9. Be2 Bd7 10. Ne5 Rfc8 11. Nxd7 Nxd7 12. O-O h6 13. Rfd1 a6 14. Qxb6 Nxb6 15. a4 Nd7 16. g4 Kf8 17. Nb3 c4 18. Nd2 b5 19. e4 Bg5 20. exd5 exd5 21. Bd6+ Be7 22. Bg3 Nb6 23. axb5 axb5 24. Bf3 Bd8 25. Nf1 Ra4 26. Ne3 Ne7 27. Bd6 Ke8 28. Bxe7 Bxe7 29. Nxd5 Nxd5 30. Bxd5 Rxa1 31. Rxa1 b4 32. Kf1 g6 33.
Ke2 Kf8 34. Ra8 Rxa8 35. Bxa8 bxc3 36. bxc3 Bd8 37. Bd5 Ba5 38. Kd2 Ke7 39. Bxc4 f5 40. gxf5 gxf5 41. Kd3 Kd6 42. Ba6 1-0

[Event "*** SCC Grand Prix: Titled Tuesday Blitz"]
[Site "Chess.com"]
[Date "2020.10.13"]
[Round "9"]
[White "Gulkov_Igor"]
[Black "GregShahade"]
[Result "0-1"]
[WhiteElo "2480"]
[BlackElo "2655"]
[TimeControl "180+1"]
[EndTime "11:43:57 PDT"]
[Termination "GregShahade won by resignation"]

1. Nf3 Nf6 2. c4 g6 3. Nc3 d5 4. cxd5 Nxd5 5. Qa4+ Nc6 6. Ne5 Qd6 7. Nxc6 Qxc6 8.
Qxc6+ bxc6 9. g3 Bg7 10. Bg2 Be6 11. O-O O-O 12. e3 Rfd8 13. d4 c5 14. dxc5 Nxc3 15.
bxc3 Rab8 16. Ba3 Bxc3 17. Rab1 Bxa2 18. Rb7 Rxb7 19. Bxb7 a5 20. c6 Bb4 21. Bb2 Bc4 22. Rc1 Bb5 23. Be5 Bd6 24. Bxd6 Rxd6 25. Rc5 Rd1+ 26.
Kg2 Rb1 27. Rd5 a4 28. Rd8+ Kg7 29. Ra8 Ra1 30. Ra7 a3 31. Ra5 a2 0-1

[Event "*** SCC Grand Prix: Titled Tuesday Blitz"]
[Site "Chess.com"]
[Date "2020.10.13"]
[Round "9"]
[White "PSvidler"]
[Black "VitaliyBernadskiy"]
[Result "1-0"]
[WhiteElo "2904"]
[BlackElo "2746"]
[TimeControl "180+1"]
[EndTime "11:43:58 PDT"]
[Termination "PSvidler won on time"]

1. e4 e5 2. Nf3 Nc6 3. Bb5 a6 4. Ba4 Nf6 5. O-O Be7 6. d3 d6 7.
c3 O-O 8. Re1 Bg4 9. h3 Bh5 10.
Nbd2 Nd7 11. Bc2 Nc5 12. g4 Bg6 13. d4 exd4 14. cxd4 Nd7 15. Nf1 d5 16. e5 Nb4 17.
Bxg6 hxg6 18. a3 Nc6 19. Ne3 Nb6 20. Qd3 Qd7 21. Kg2 Nd8 22. Nf1 Ne6 23. Ng3 Qb5 24.
Qc2 c5 25. dxc5 Qxc5 26. Qxc5 Bxc5 27. b3 d4 28. Ne4 Be7 29. Bg5 Bxg5 30. Nexg5 Rad8 31. Rad1 d3 32. Nxe6 fxe6 33. Ng5 Rfe8 34. Kg3 Rd5 35.
Re3 d2 36. Re2 Rd3+ 37. f3 Rxb3 38. Rexd2 Nd5 39. Nxe6 Rxe6 40. Rxd5 Rxa3 41. Rd8+ Kh7 42. h4 Rxe5 43. Rf8 g5 44. h5 Re2 45. Rdd8 1-0

[Event "*** SCC Grand Prix: Titled Tuesday Blitz"]
[Site "Chess.com"]
[Date "2020.10.13"]
[Round "9"]
[White "alexgo05"]
[Black "mfwagnerpeixoto"]
[Result "1-0"]
[WhiteElo "2452"]
[BlackElo "2265"]
[TimeControl "180+1"]
[EndTime "11:43:58 PDT"]
[Termination "alexgo05 won by resignation"]

1. e4 c5 2. Nf3 e6 3. d4 cxd4 4.
Nxd4 Nf6 5. Nc3 Nc6 6. Ndb5 Bb4 7. Bf4 Nxe4 8. Bd3 Nxc3 9. bxc3 e5 10. cxb4 exf4 11. Nd6+ Kf8 12. O-O Qe7 13. Nf5 Qf6 14.
b5 Nb4 15. Qd2 Nxd3 16. Qxd3 d6 17. Nxd6 Be6 18. Nxb7 g6 19. c4 Kg7 20. c5 Rab8 21. c6 h5 22. a4 Bf5 23. Qd6 Qg5 24. Qe5+ Kh6 25. c7 Rbe8 26. Qc5 h4 27. Nd6 Re6 28. Nxf7+ 1-0

[Event "*** SCC Grand Prix: Titled Tuesday Blitz"]
[Site "Chess.com"]
[Date "2020.10.13"]
[Round "9"]
[White "Castleqweenside7447"]
[Black "BikingBrian"]
[Result "1/2-1/2"]
[WhiteElo "2437"]
[BlackElo "2241"]
[TimeControl "180+1"]
[EndTime "11:43:59 PDT"]
[Termination "Game drawn - insufficient material"]

1. e4 c5 2. Nf3 g6 3. Bc4 Bg7 4. d3 Nc6 5. h4 h5 6. Nc3 e6 7.
Bg5 Nge7 8. a3 f6 9. Be3 d5 10. Ba2 d4 11. Bd2 dxc3 12. Bxc3 Nd4 13. b4 e5 14.
bxc5 Be6 15. Bxd4 Bxa2 16. Bxe5 fxe5 17. Rxa2 O-O 18. O-O Nc6 19. Ng5 Qe7 20. c3 Bf6 21.
Qb3+ Kh8 22. Nf3 Rab8 23. Qc4 Qf7 24. Qxf7 Rxf7 25. Rb2 Rd7 26. Rd1 Rbd8 27. Rbd2 Na5 28. d4 Nc4 29. Rc2 Nxa3 30. Ra2 Nb5 31. Rc1 exd4 32.
e5 Be7 33. cxd4 Nxd4 34. Nxd4 Rxd4 35. Rxa7 Rd1+ 36. Rxd1 Rxd1+ 37. Kh2 Bxc5 38. Rxb7 Bxf2 39. g3 Re1 40. Re7 Bc5 41. Re6 Kg7 42. Kh3 Bd4 43.
g4 Rxe5 44. Rxe5 hxg4+ 45. Kxg4 Bxe5 46. h5 gxh5+ 47. Kxh5 1/2-1/2

[Event "*** SCC Grand Prix: Titled Tuesday Blitz"]
[Site "Chess.com"]
[Date "2020.10.13"]
[Round "9"]
[White "Gabrielian_Artur"]
[Black "swayamsm"]
[Result "1-0"]
[WhiteElo "2794"]
[BlackElo "2632"]
[TimeControl "180+1"]
[EndTime "11:44:00 PDT"]
[Termination "Gabrielian_Artur won by checkmate"]

1. e4 e6 2. d4 d5 3. e5 c5 4. c3 Nc6 5. Nf3 Qb6 6. a3 Nh6 7. b4 cxd4 8. Bxh6 gxh6 9. cxd4 Bd7 10. Ra2 Rg8 11. Rd2 Rc8 12. g3 a5 13. b5 Ne7 14.
a4 Nf5 15. Rd3 Bb4+ 16. Ke2 Rg4 17. Bh3 Re4+ 18. Kf1 Rc4 19. Bxf5 exf5 20. Kg2 f4 21. Nbd2 Bg4 22. h3 Bxf3+ 23. Nxf3 fxg3 24. fxg3 Bc3 25. Rf1 Bxd4 26. Nd2 Rb4 27. Qf3 Qg6 28. Rc1 Rb2 29. Kh1 Bxe5 30. Rxd5 Rxd2 31. Rxd2 Kf8 32. Rf1 Rd4 33.
Rxd4 Bxd4 34. Qxb7 Qxg3 35. Qxf7# 1-0

[Event "*** SCC Grand Prix: Titled Tuesday Blitz"]
[Site "Chess.com"]
[Date "2020.10.13"]
[Round "9"]
[White "Mazetovic"]
[Black "mjray79"]
[Result "1-0"]
[WhiteElo "2637"]
[BlackElo "2435"]
[TimeControl "180+1"]
[EndTime "11:44:01 PDT"]
[Termination "Mazetovic won by checkmate"]

1. e4 e5 2. Nf3 Nc6 3. Bb5 a6 4. Bxc6 dxc6 5. O-O Bg4 6. h3 h5 7. d3 Qf6 8. Be3 Bd6 9. Nbd2 Be6 10. Ng5 Ne7 11.
Nxe6 Qxe6 12. Nc4 O-O-O 13. Nxd6+ cxd6 14. f4 exf4 15. Bxf4 Rdg8 16. Bh2 g5 17. Qf3 Rh7 18. Qf6 Kd7 19. Qd4 Rg6 20. Qa7 Kc7 21. c4 g4 22. hxg4 hxg4 23. Bg3 Rgh6 24. c5 Nc8 25. cxd6+ Nxd6 26. Qd4 Qg6 27. Kf2 Qf6+ 28. Ke3 Qe6 29. Rac1 Kc8 30. Qa7 f5 31. Rc5 Rf7 32. Re5 Qd7 33.
Qa8+ Kc7 34. Rfxf5 Nxf5+ 35. Rxf5+ Kb6 36. Rxf7 Qxf7 37. Qd8+ Ka7 38. Bb8+ Ka8 39. Bc7+ Ka7 40. Qb8# 1-0

[Event "*** SCC Grand Prix: Titled Tuesday Blitz"]
[Site "Chess.com"]
[Date "2020.10.13"]
[Round "9"]
[White "Brave_spirit12"]
[Black "Julianos82"]
[Result "1-0"]
[WhiteElo "2488"]
[BlackElo "2322"]
[TimeControl "180+1"]
[EndTime "11:44:05 PDT"]
[Termination "Brave_spirit12 won on time"]

1. e4 c5 2. c3 d6 3. d4 Nf6 4. d5 g6 5. h4 Bg7 6. Bg5 h6 7. Bxf6 Bxf6 8. h5 g5 9. Nd2 a6 10. a4 Nd7 11. Ngf3 Ne5 12. Nxe5 Bxe5 13. g3 O-O 14.
Bd3 f5 15. exf5 Bxf5 16. Qc2 Qd7 17. O-O-O b5 18. f4 gxf4 19. gxf4 Bxf4 20. Rdg1+ Kh7 21. Rf1 Bxd2+ 22. Kxd2 Bxd3 23. Qxd3+ Kh8 24. Qg6 Rxf1 25. Qxh6+ Kg8 26. Rxf1 Qg4 27. Qe3 Qg2+ 28. Ke1 Qxd5 29. Rg1+ Kf7 30. h6 Qe5 31. Rg7+ Ke6 32. Rg6+ Kd5 33.
Rg5 1-0

[Event "*** SCC Grand Prix: Titled Tuesday Blitz"]
[Site "Chess.com"]
[Date "2020.10.13"]
[Round "9"]
[White "kreonx"]
[Black "Sueetin"]
[Result "1-0"]
[WhiteElo "2370"]
[BlackElo "2270"]
[TimeControl "180+1"]
[EndTime "11:44:05 PDT"]
[Termination "kreonx won by checkmate"]

1. e4 e6 2. d4 d5 3. Nd2 c5 4. Ngf3 cxd4 5. exd5 Qxd5 6. Bc4 Qd7 7.
Nb3 Nc6 8. Nbxd4 Nxd4 9. Qxd4 Qxd4 10. Nxd4 a6 11. Be2 Nf6 12. Bf3 Bd6 13. Be3 Ke7 14. O-O-O Rd8 15. Rhe1 Kf8 16. Nb3 Rb8 17. Ba7 Ra8 18.
Bb6 Rd7 19. Nc5 Bxc5 20. Bxc5+ Ke8 21. Bb6 Rb8 22. c4 Rxd1+ 23. Rxd1 Bd7 24. b3 Rc8 25. Kb2 Bc6 26. Bxc6+ Rxc6 27. Bd4 Rd6 28. Kc2 Ne4 29. f3 Ng5 30. Bxg7 Rc6 31. Bf6 h6 32. Rd8# 1-0

[Event "*** SCC Grand Prix: Titled Tuesday Blitz"]
[Site "Chess.com"]
[Date "2020.10.13"]
[Round "9"]
[White "aisha_zakirova"]
[Black "MarceloPlaya"]
[Result "0-1"]
[WhiteElo "2157"]
[BlackElo "2264"]
[TimeControl "180+1"]
[EndTime "11:44:05 PDT"]
[Termination "MarceloPlaya won on time"]

1. d4 e6 2. c4 Nf6 3. Nf3 Bb4+ 4. Bd2 Bxd2+ 5. Qxd2 O-O 6. Nc3 d5 7. e3 Qe7 8. Be2 Rd8 9. O-O dxc4 10. Bxc4 c5 11.
Qe2 Nc6 12. dxc5 Qxc5 13. Rfd1 Bd7 14. Rac1 Be8 15. Nb5 Qe7 16. Nbd4 Nxd4 17. Nxd4 Rac8 18. b3 a6 19. a4 Ne4 20. Qg4 Nf6 21. Qh3 Rd6 22.
Nxe6 Rxd1+ 23. Rxd1 Rxc4 24. bxc4 Qxe6 25. Qxe6 fxe6 26.
Rd6 Kf7 27. a5 Bc6 28. f3 Ke7 29. Rd2 Nd7 30. e4 Ne5 31. Rc2 Nd7 32. Kf2 Nc5 33.
h4 e5 34. g4 Ne6 35. Kg3 Kd6 36. g5 Kc5 37. h5 Nxg5 38. Kg4 Nf7 0-1

[Event "*** SCC Grand Prix: Titled Tuesday Blitz"]
[Site "Chess.com"]
[Date "2020.10.13"]
[Round "9"]
[White "Matols"]
[Black "JiiHart"]
[Result "1-0"]
[WhiteElo "2236"]
[BlackElo "2071"]
[TimeControl "180+1"]
[EndTime "11:44:05 PDT"]
[Termination "Matols won on time"]

1. d4 Nf6 2. c4 e6 3. g3 c5 4. d5 exd5 5. cxd5 d6 6. Nc3 g6 7. Bg2 Bg7 8. Nf3 O-O 9. O-O Re8 10. Nd2 a6 11. a4 Nbd7 12. h3 Rb8 13. a5 b5 14.
axb6 Nxb6 15. e4 Bb7 16. Re1 Qe7 17. Nf3 Nfd7 18. Bg5 Qf8 19. Qc2 Nc4 20. Bf1 Nxb2 21. Qxb2 Bxd5 22. Qc1 Bb7 23. Rb1 h6 24. Bf4 Ne5 25.
Nxe5 dxe5 26. Be3 f5 27. Bc4+ Kh7 28. exf5 gxf5 29. Bd5 Bxd5 30. Nxd5 f4 31. gxf4 exf4 32. Bxf4 Rbd8 33. Qc2+ Kh8 34. Rxe8 Qxe8 35. Ne3 Qe6 36.
Kh2 Rd4 37. Rb8+ 1-0

[Event "*** SCC Grand Prix: Titled Tuesday Blitz"]
[Site "Chess.com"]
[Date "2020.10.13"]
[Round "9"]
[White "Guenplen"]
[Black "AlexTriapishko"]
[Result "1/2-1/2"]
[WhiteElo "2865"]
[BlackElo "2808"]
[TimeControl "180+1"]
[EndTime "11:44:06 PDT"]
[Termination "Game drawn by repetition"]

1. d4 Nf6 2. Bf4 g6 3. c3 Bg7 4. h3 O-O 5. Nd2 c5 6. dxc5 Na6 7. e4 Nxc5 8. e5 Nd5 9. Bg3 d6 10. Ngf3 Bf5 11. Nb3 e6 12. Nxc5 dxc5 13. Be2 Qc7 14. Qa4 Rfd8 15. O-O a6 16. Rfe1 b5 17. Qh4 h6 18.
Bf4 g5 19. Nxg5 hxg5 20. Bxg5 Bxe5 21. Bf3 Bg7 22. Bxd8 Qxd8 23. Qg3 Qb8 24. Qg5 Qd8 25.
Qg3 Qb8 26. Qg5 Qd8 27. Qg3 1/2-1/2

[Event "*** SCC Grand Prix: Titled Tuesday Blitz"]
[Site "Chess.com"]
[Date "2020.10.13"]
[Round "9"]
[White "Gloomy_Wanderer"]
[Black "eljanov"]
[Result "1-0"]
[WhiteElo "2787"]
[BlackElo "2855"]
[TimeControl "180+1"]
[EndTime "11:44:06 PDT"]
[Termination "Gloomy_Wanderer won by resignation"]

1. d4 Nf6 2. Nf3 e6 3. c4 b6 4. g3 Bb7 5. Bg2 Be7 6. O-O O-O 7. Re1 Ne4 8. Nfd2 f5 9. Qc2 d5 10. Nc3 Nc6 11. Nf3 Bf6 12. Rd1 Kh8 13. h4 Ne7 14. cxd5 exd5 15. Bf4 Ng6 16. Be5 Qe7 17. Bxf6 Rxf6 18.
e3 c6 19. Ne2 Re8 20. Nf4 Nxf4 21. exf4 c5 22. dxc5 bxc5 23. Ne5 d4 24. Rac1 Rc8 25. Qa4 Ra6 26. Qb3 h6 27. h5 Kh7 28. Rc2 Rb6 29.
Qa3 Ra6 30. Qb3 Rc7 31. Rdc1 Nf6 32. a3 Bxg2 33. Kxg2 Nxh5 34. Qd3 g6 35. Qxa6 1-0

[Event "*** SCC Grand Prix: Titled Tuesday Blitz"]
[Site "Chess.com"]
[Date "2020.10.13"]
[Round "9"]
[White "azikom"]
[Black "Alindsay211"]
[Result "0-1"]
[WhiteElo "2623"]
[BlackElo "2454"]
[TimeControl "180+1"]
[EndTime "11:44:06 PDT"]
[Termination "Alindsay211 won by resignation"]

1. e4 c5 2. Nc3 e6 3. d3 d5 4.
exd5 exd5 5. g3 Nf6 6. Bg2 Nc6 7. Bg5 Be6 8. Nge2 Be7 9. O-O O-O 10. Nf4 Qd7 11. Re1 h6 12. Bxf6 Bxf6 13. Nfxd5 Bxc3 14. Nxc3 Rac8 15. Rc1 a6 16. Qf3 Rfd8 17. a3 b5 18.
Ne4 Nd4 19. Qe3 Bh3 20. Bh1 f5 21. Nc3 Re8 22. Qd2 Bg4 23. Rxe8+ Rxe8 24. Re1 Rxe1+ 25. Qxe1 Bf3 26. Qe5 Bxh1 27. Kxh1 Nxc2 28. Nd5 Nd4 29. Kg2 Nc6 30. Qxf5 Qxf5 31. Ne7+ Nxe7 0-1

[Event "*** SCC Grand Prix: Titled Tuesday Blitz"]
[Site "Chess.com"]
[Date "2020.10.13"]
[Round "9"]
[White "djano"]
[Black "Chessdude1987"]
[Result "1-0"]
[WhiteElo "2464"]
[BlackElo "2284"]
[TimeControl "180+1"]
[EndTime "11:44:07 PDT"]
[Termination "djano won on time"]

1. d4 Nf6 2. Nf3 g6 3. Bf4 Bg7 4. Nc3 d5 5. Nb5 Na6 6. e3 O-O 7. h3 Ne4 8. Be2 c5 9. c3 Bd7 10. a4 c4 11. O-O Qa5 12. b4 cxb3 13. Qxb3 Rfc8 14. c4 dxc4 15. Bxc4 Rxc4 16. Qxc4 Rc8 17. Qd3 Bf5 18. Qa3 Bf8 19. Rfc1 e5 20. Rxc8 Bxc8 21.
Qc1 exf4 22. Qxc8 fxe3 23. fxe3 Qb6 24. Ne5 Qf6 25. Rf1 Qg5 26. Rxf7 Qxe3+ 27. Kh2 Qg3+ 28. Kg1 Qe1+ 29. Rf1 Qe3+ 30. Kh2 Qg3+ 31. Kh1 Nf2+ 32. Kg1 Nxh3+ 33. Qxh3 Qxh3 34. gxh3 Nb4 35. Nxa7 Nc2 36. Nb5 Ne3 37. Rc1 Nf5 38. Rc8 Kg7 39. Rc7+ Kh6 40.
Nf3 Bb4 41. Rxb7 Bd2 42. Kf2 Be3+ 43. Ke2 1-0

[Event "*** SCC Grand Prix: Titled Tuesday Blitz"]
[Site "Chess.com"]
[Date "2020.10.13"]
[Round "9"]
[White "WPWPWP-2015"]
[Black "mapleaff"]
[Result "0-1"]
[WhiteElo "2486"]
[BlackElo "2371"]
[TimeControl "180+1"]
[EndTime "11:44:08 PDT"]
[Termination "mapleaff won by resignation"]

1. e4 e5 2. Nf3 Nc6 3. Bb5 a6 4. Ba4 Nf6 5. O-O Be7 6. Re1 b5 7. Bb3 O-O 8. a4 b4 9. d3 d6 10. h3 Be6 11. Nbd2 h6 12. Nc4 Nd7 13. Ncd2 Nc5 14.
Bd5 Qd7 15. Nc4 f5 16. Ne3 f4 17. Nc4 Bxd5 18. exd5 Nd8 19. a5 Nf7 20. Nfd2 Rae8 21.
Ne4 Nxe4 22. dxe4 Ng5 23. h4 Nh7 24. Qh5 Qd8 25. g3 Qd7 26. Kg2 f3+ 27. Kh2 Nf6 28.
Qg6 Ng4+ 29. Kg1 Rf6 30. Qh5 g6 0-1